 Dungeon Crawl Stone Soup version 0.28.0-1-gb440e238dd (webtiles) character file.

Game seed: 9339388517329473004

1332 browni3141 the Spear-Bearer (level 8, -10/64 HPs)
             Began as a Merfolk Gladiator on Feb 19, 2022.
             Succumbed to a kobold brigand's curare-tipped dart
             ... on level 4 of the Dungeon.
             The game lasted 00:09:56 (4402 turns).

browni3141 the Spear-Bearer (Merfolk Gladiator)     Turns: 4402, Time: 00:09:56

Health: -10/64     AC: 10    Str: 15    XL:     8   Next: 61%
Magic:  8/8        EV: 11    Int:  7    God:
Gold:   89         SH:  0    Dex: 17    Spells: 7/7 levels left

rFire   . . .      SeeInvis .   u - +0 halberd
rCold   . . .      Faith    .   (shield currently unavailable)
rNeg    . . .      Spirit   .   t - +2 scale mail of Ru's Esteem {Regen+}
rPois   .          Reflect  .   c - +0 helmet
rElec   .          Harm     .   (no cloak)
rCorr   .          Rampage  .   s - +0 pair of gloves
Will    .....                   (no boots)
Stlth   ..........              r - amulet of magic regeneration
HPRegen 1.00/turn               (no ring)
MPRegen 0.51/turn               (no ring)

@: lethally poisoned (-10 -> -39), slowed, very slow
A: (nimble swimmer 2), mertail
a: no special abilities


You were on level 4 of the Dungeon.
You visited 1 branch of the dungeon, and saw 5 of its levels.

You collected 257 gold pieces.
You spent 168 gold pieces at shops.


Innate Abilities, Weirdness & Mutations

((You are very nimble when in or above water. (Stealth+, EV+, Speed+++)))
Your lower body shifts to a powerful aquatic tail in water.


   Skills:
 + Level 5.8 Fighting
 * Level 11.2 Polearms
 - Level 2.0 Throwing
 - Level 4.0 Dodging
 * Level 4.9 Evocations


You had 7 spell levels left.
You didn't know any spells.
Your spell library contained the following spells:

 Spells                   Type           Power      Damage    Failure   Level
 Corpse Rot               Necr/Air       0%         N/A       96%         2
 Scorch                   Fire           0%         2d5       96%         2
 Dispel Undead            Necr           0%         3d6       100%        4
 Flame Wave               Conj/Fire      0%         2d4       100%        4
 Death Channel            Necr           0%         N/A       100%        6
 Summon Cactus Giant      Summ           0%         N/A       100%        6

Inventory:

Hand Weapons
 a - a +0 trident
 u - a +0 halberd (weapon)
Missiles
 d - 3 throwing nets
 o - 20 poisoned darts (quivered) {@f3}
 w - a curare-tipped dart {@f4}
Armour
 b - a +0 leather armour
 c - a +0 helmet (worn)
 k - a +0 chain mail
 p - a +0 tower shield
 s - a +0 pair of gloves (worn)
 t - the +2 scale mail of Ru's Esteem (worn) {Regen+}
   (You found it on level 4 of the Dungeon)

   Regen:     It increases your rate of health regeneration.
Jewellery
 r - an amulet of magic regeneration (around neck)
 C - a ring of ice
Wands
 y - a wand of digging (3)
 z - a wand of flame (22)
Scrolls
 e - 2 scrolls of identify {unknown}
 g - 2 scrolls of fog {unknown}
 j - 2 scrolls of blinking {unknown}
 m - a scroll of teleportation {unknown}
 q - 2 scrolls of fear {unknown}
 v - a scroll of vulnerability {unknown}
Potions
 f - 4 potions of curing {@q1}
 h - 2 potions of invisibility {unknown}
 i - a potion of brilliance {unknown}
 l - 2 potions of resistance
 n - 2 potions of lignification {unknown}

Dungeon Overview and Level Annotations

Branches:
Dungeon (5/15)
 Temple: D:4-7

Altars:
Uskayaw

Shops:
D:3 :   D:5 *

Annotations:
D:3 exclusion: downstairs
D:4 Grinder

######### #.#
#.......# #.#
#.#####.# ##.## #.#
###.########...### #.#
#.................
#>###.#.########...###
#.......# ##.##
#####)### #.# ##@# #.#
#).# ##+## #.#.#
##...## #.##.###
##.....## #.# #.#.##
##.......# #.#
#....####......... #.#
#.......'......... #.#
#....####......... ##
#...## ##.......#


There were no monsters in sight!


Message History

The kobold brigand throws a curare-tipped dart.
The curare-tipped dart hits you.
You are more poisoned.
You have difficulty breathing.
You feel as though you will be slow longer.
Aiming: Throw Flame
Press: ? - help, Shift-Dir - straight line, f/p - kobold brigand
Aim: a kobold brigand, wielding a +0 dagger and quivering curare-tipped darts (lightly wounded, very poisoned, 67% to hit)
The puff of flame hits the kobold brigand!
The kobold brigand is heavily wounded.
You feel extremely sick.
The kobold brigand throws a curare-tipped dart.
The curare-tipped dart hits you.
You are more poisoned.
You have difficulty breathing.
* * * LOW HITPOINT WARNING * * *
You feel as though you will be slow longer.
* * * LOW HITPOINT WARNING * * *
You feel extremely sick.
The kobold brigand throws a curare-tipped dart.
The curare-tipped dart barely misses you.
The kobold brigand throws a curare-tipped dart.
The curare-tipped dart hits you.
You are lethally poisoned!
You have difficulty breathing.
* * * LOW HITPOINT WARNING * * *
You feel as though you will be slow longer.
You climb upwards.
Level annotation: Grinder You die...

Skill      XL: |  1  2  3  4  5  6  7  8 |
---------------+-------------------------+-----
Polearms       | 5 6 7 8 9 10 11 | 11.2
Fighting       | 3 4 5 |  5.8
Evocations     | 2 4 |  4.9
Throwing       | |  2.0
Dodging        | |  4.0

Action                   |  1- 3 |  4- 6 |  7- 9 || total
-------------------------+-------+-------+-------++-------
Melee: Trident           |    91 |   132 |       ||   223
       Punch             |       |     2 |       ||     2
       Halberd           |       |    21 |    55 ||    76
       Tailslap          |       |     2 |       ||     2
Throw: Throwing net      |     2 |       |       ||     2
       Dart              |       |     2 |     6 ||     8
Evoke: Wand              |       |     2 |     9 ||    11
 Stab: Sleeping          |     3 |     5 |       ||     8
       Held in net/web   |     1 |       |       ||     1
       Paralysed         |       |       |     2 ||     2
Armor: Leather armour    |     7 |    14 |       ||    21
       Scale mail        |       |    26 |    20 ||    46
Dodge: Dodged            |    49 |    67 |    24 ||   140

Levels and vault maps discovered:
D:1:      minmay_arrival_up_and_down, layout_basic,
          chequers_serial_rivers_micro_e
D:2:      layout_loops_ring, basic_altar, hellmonk_ecumenical_altar_zigzags
D:3:      layout_basic, serial_shops, shop, minmay_increasing_density,
          uniq_crazy_yiuf_cottage
D:4:      layout_loops_corners, minmay_gold_behind_fungi,
          hangedman_abyss_or_decor_passed, uniq_grinder
D:5:      layout_basic, serial_shops, nicolae_shop_trees, serial_bayou_crossing,
          uniq_eustachio

Notes
Turn   | Place    | Note
-------+----------+-------------------------------------------
     0 | D:1      | browni3141 the Merfolk Gladiator began the quest for the
                  | Orb.
     0 | D:1      | Reached XP level 1. HP: 16/16 MP: 1/1
   104 | D:1      | Reached XP level 2. HP: 16/23 MP: 2/2
   109 | D:1      | Reached skill level 5 in Polearms
   540 | D:1      | Reached XP level 3. HP: 27/28 MP: 3/3
   844 | D:2      | Found a faded altar of an unknown god.
   945 | D:2      | Found a hide-covered altar of Uskayaw.
  1071 | D:2      | Reached skill level 3 in Fighting
  1071 | D:2      | Reached skill level 6 in Polearms
  1201 | D:2      | Reached XP level 4. HP: 35/35 MP: 4/4
  1652 | D:3      | Found Oblevoe's Book Shoppe.
  2287 | D:4      | Reached skill level 7 in Polearms
  2578 | D:4      | Reached XP level 5. HP: 32/41 MP: 5/5
  2752 | D:4      | Identified the +2 scale mail of Ru's Esteem {Regen+}
  2786 | D:4      | Noticed Grinder
  3171 | D:4      | Reached skill level 4 in Fighting
  3171 | D:4      | Reached skill level 8 in Polearms
  3171 | D:4      | Reached XP level 6. HP: 45/48 MP: 6/6
  3580 | D:5      | Entered Level 5 of the Dungeon
  3655 | D:5      | Found Putofaa's General Store.
  3663 | D:5      | Bought a wand of iceblast (3) for 98 gold pieces
  3663 | D:5      | Bought a wand of paralysis (3) for 70 gold pieces
  3682 | D:5      | Reached skill level 1 in Evocations
  3694 | D:5      | Noticed Eustachio
  3733 | D:5      | Killed Eustachio
  3734 | D:5      | Reached skill level 9 in Polearms
  3734 | D:5      | Reached skill level 2 in Evocations
  3734 | D:5      | Reached XP level 7. HP: 44/55 MP: 7/7
  3935 | D:5      | Reached skill level 5 in Fighting
  3935 | D:5      | Reached skill level 3 in Evocations
  4040 | D:5      | Noticed a kobold demonologist
  4052 | D:5      | Noticed a soul eater
  4168 | D:5      | Noticed a ynoxinul
  4172 | D:4      | Killed a kobold demonologist
  4173 | D:4      | Reached skill level 10 in Polearms
  4173 | D:4      | Reached skill level 4 in Evocations
  4173 | D:4      | Reached XP level 8. HP: 63/63 MP: 8/8
  4177 | D:5      | Noticed a kobold demonologist
  4184 | D:4      | Noticed a sun demon
  4187 | D:4      | Noticed a red devil
  4201 | D:4      | Noticed a smoke demon
  4252 | D:4      | Noticed a sun demon
  4252 | D:4      | Killed a kobold demonologist
  4253 | D:4      | Reached skill level 11 in Polearms
  4401 | D:5      | HP: 6/64 [asphyx]
  4402 | D:4      | Succumbed to a kobold brigand's curare-tipped dart

Vanquished Creatures
  2 kobold demonologists (D:4)
  Eustachio (D:5)
  An ogre (D:5)
  A centaur (D:5)
  A kobold brigand (D:4)
  A scorpion (D:4)
  A centaur zombie (D:5)
  2 hounds
  A bullfrog skeleton (D:5)
  3 iguanas
  A killer bee zombie (D:4)
  A gnoll (D:5)
  6 adders
  A shadow imp (D:5)
  An adder zombie (D:5)
  An adder skeleton (D:4)
  2 dart slugs
  2 orcs
  8 ball pythons
  6 endoplasms
  7 giant cockroaches
  3 goblins
  5 hobgoblins
  8 quokkas
  5 bats
  3 frilled lizards
  9 kobolds
  8 rats
91 creatures vanquished.

Vanquished Creatures (others)
  10 fungi (D:4)
  4 toadstools (D:4)
14 creatures vanquished.

Grand Total: 105 creatures vanquished

Table legend: (Time is in decaauts)
 A = Elapsed time spent in this place.
 B = Non-inter-level travel time spent in this place.
 C = Inter-level travel time spent in this place.
 D = Time resting spent in this place.
 E = Time spent auto-exploring this place.
 F = Levels seen in this place.
 G = Mean time per level.
                   A        B        C        D        E       F      G
               +--------+--------+--------+--------+--------+-----+--------+
         Total |   4405 |   4295 |    110 |    516 |   2696 |   5 |  881.0 |
       Dungeon |   4405 |   4295 |    110 |    516 |   2696 |   5 |  881.0 |
               +--------+--------+--------+--------+--------+-----+--------+

Top non-repeatable levels by time:
     D:4: 1329 daAuts
     D:3: 922 daAuts
     D:1: 830 daAuts
     D:2: 815 daAuts
     D:5: 507 daAuts

Table legend:
 A = Non-vault XP
 B = Vault XP
 C = Vault XP percentage of total XP
 D = Non-vault monster count
 E = Vault monster count
 F = Vault count percentage of total count
                 A         B        C        D         E       F
            +---------+---------+-------+---------+---------+-------
      Total |    1671 |     233 |  12.2 |      81 |      10 |  11.0
            +---------+---------+-------+---------+---------+-------
        D:1 |      38 |       0 |   0.0 |      24 |       0 |   0.0
        D:2 |      54 |       0 |   0.0 |      12 |       0 |   0.0
        D:3 |      36 |      25 |  41.0 |      14 |       9 |  39.1
        D:4 |    1071 |       0 |   0.0 |      19 |       0 |   0.0
        D:5 |     472 |     208 |  30.6 |      12 |       1 |   7.7
            +---------+---------+-------+---------+---------+-------
